| TOP OF THE 1ST |
|
Greensboro Grasshoppers batting - Pitching for Atlanta (MID) Braves : RHP Jimmy Loudner
|
|
Pitching: RHP Jimmy Loudner
|
|
|
Batting: RHB Tom Thompson
|
0-0: Ball 1-0: Foul Ball, location: 2F 1-1: Swinging Strike 1-2: Foul Ball, location: 2F 1-2: Ground out 5-3 (Groundball, 56S, EV 92.5 MPH)
|
|
Batting: LHB Ryan Karg
|
0-0: Ball 1-0: Foul Ball, location: 2F 1-1: Fly out, F9 (Flyball, 89M, EV 85.6 MPH)
|
|
Batting: LHB Dong-u Chang
|
0-0: Fly out, F7 (Line Drive, 7S, EV 85.6 MPH)
|
| Top of the 1st over - 0 runs, 0 hits, 0 errors, 0 left on base; Greensboro 0 - Atlanta (MID) 0 |
| BOTTOM OF THE 1ST |
|
Atlanta (MID) Braves batting - Pitching for Greensboro Grasshoppers : RHP Jesus Gomez
|
|
Pitching: RHP Jesus Gomez
|
|
|
Batting: RHB Chris Trites
|
0-0: SOLO HOME RUN (Flyball, 9D, EV 95.6 MPH), Distance : 362 ft
|
|
Batting: RHB Costantino Dolfini
|
0-0: Ball 1-0: Ball 2-0: Swinging Strike 2-1: Foul Ball, location: 2F 2-2: Strikes out swinging
|
|
Batting: LHB Ricardo Sandoval
|
0-0: Ball 1-0: Called Strike 1-1: Swinging Strike 1-2: Strikes out swinging
|
|
Batting: LHB Tamaichi Sasada
|
0-0: Foul Ball, location: 2F 0-1: Ball 1-1: Ball 2-1: Ball 3-1: SOLO HOME RUN (Flyball, 89XD, EV 99.4 MPH), Distance : 394 ft
|
|
Batting: RHB Josh McCormick
|
0-0: Ball 1-0: Foul Ball, location: 2F 1-1: Ball 2-1: Fly out, F8 (Flyball, 8RD, EV 95.6 MPH)
|
| Bottom of the 1st over - 2 runs, 2 hits, 0 errors, 0 left on base; Greensboro 0 - Atlanta (MID) 2 |
| TOP OF THE 2ND |
|
Greensboro Grasshoppers batting - Pitching for Atlanta (MID) Braves : RHP Jimmy Loudner
|
|
Batting: RHB Nate Crofts
|
0-0: Ball 1-0: Foul Ball, location: 2F 1-1: Foul Ball, location: 2F 1-2: Strikes out swinging
|
|
Batting: RHB Alberto Bravo
|
0-0: Foul Ball, location: 2F 0-1: Ball 1-1: SINGLE (Groundball, 5D, EV 95.6 MPH)
|
|
Batting: LHB Ryan Thompson
|
0-0: Called Strike 0-1: Fielders Choice at 2nd, U6 (Groundball, 4MS, EV 79.4 MPH)
|
|
Batting: RHB Hikaru Nakata
|
0-0: Fielders Choice at 2nd, 5-4 (Groundball, 5L, EV 82.5 MPH)
|
| Top of the 2nd over - 0 runs, 1 hit, 0 errors, 1 left on base; Greensboro 0 - Atlanta (MID) 2 |
| BOTTOM OF THE 2ND |
|
Atlanta (MID) Braves batting - Pitching for Greensboro Grasshoppers : RHP Jesus Gomez
|
|
Batting: RHB Nick Holsinger
|
0-0: Foul Ball, location: 2F 0-1: Called Strike 0-2: Strikes out swinging
|
|
Batting: RHB Alex Campos
|
0-0: Ball 1-0: Called Strike 1-1: Fly out, F8 (Flyball, 78M, EV 93.1 MPH)
|
|
Batting: RHB Adonis Jenifer
|
0-0: Ground out 5-3 (Groundball, 56, EV 79.4 MPH)
|
| Bottom of the 2nd over - 0 runs, 0 hits, 0 errors, 0 left on base; Greensboro 0 - Atlanta (MID) 2 |
| TOP OF THE 3RD |
|
Greensboro Grasshoppers batting - Pitching for Atlanta (MID) Braves : RHP Jimmy Loudner
|
|
Batting: RHB Dennis Coppolino
|
0-0: Called Strike 0-1: Ball 1-1: Swinging Strike 1-2: Ball 2-2: Fly out, F9 (Flyball, 89D, EV 105.6 MPH)
|
|
Batting: RHB Nick Dunton
|
0-0: Called Strike 0-1: Ball 1-1: Ground out 1-3 (Groundball, 34S, EV 73.1 MPH)
|
|
Batting: RHB Tom Thompson
|
0-0: Called Strike 0-1: Ball 1-1: Fly out, F7 (Flyball, 7D, EV 97.5 MPH)
|
| Top of the 3rd over - 0 runs, 0 hits, 0 errors, 0 left on base; Greensboro 0 - Atlanta (MID) 2 |
| BOTTOM OF THE 3RD |
|
Atlanta (MID) Braves batting - Pitching for Greensboro Grasshoppers : RHP Jesus Gomez
|
|
Batting: RHB Gabe Allen
|
0-0: Ball 1-0: SINGLE (Groundball, 6MD, EV 108.1 MPH)
|
|
Batting: RHB Chris Trites
|
0-0: Ball 1-0: Ball 2-0: Ball 3-0: Grounds into double play, 5-4-3 (Groundball, 5, EV 88.8 MPH)
|
|
Batting: RHB Costantino Dolfini
|
0-0: Ball 1-0: Called Strike 1-1: SINGLE (Groundball, 6S, EV 65.6 MPH) (infield hit)
|
|
Batting: LHB Ricardo Sandoval
|
0-0: Ball Costantino Dolfini steals 2nd base (no throw) 1-0: Foul Ball, location: 2F 1-1: Ball 2-1: Ball 3-1: Ground out 1-3 (Groundball, 13, EV 71.9 MPH)
|
| Bottom of the 3rd over - 0 runs, 2 hits, 0 errors, 1 left on base; Greensboro 0 - Atlanta (MID) 2 |
| TOP OF THE 4TH |
|
Greensboro Grasshoppers batting - Pitching for Atlanta (MID) Braves : RHP Jimmy Loudner
|
|
Batting: LHB Ryan Karg
|
0-0: Ball 1-0: Ground out U3 (Groundball, 3, EV 84.4 MPH)
|
|
Batting: LHB Dong-u Chang
|
0-0: Called Strike 0-1: Ball 1-1: Foul Ball, location: 2F 1-2: Foul Ball, location: 2F 1-2: Strikes out swinging
|
|
Batting: RHB Nate Crofts
|
0-0: Fly out, F8 (Flyball, 8RD, EV 108.1 MPH)
|
| Top of the 4th over - 0 runs, 0 hits, 0 errors, 0 left on base; Greensboro 0 - Atlanta (MID) 2 |
| BOTTOM OF THE 4TH |
|
Atlanta (MID) Braves batting - Pitching for Greensboro Grasshoppers : RHP Jesus Gomez
|
|
Batting: LHB Tamaichi Sasada
|
0-0: Called Strike 0-1: Ball 1-1: Ball 2-1: Ground out 5-3 (Groundball, 56, EV 88.8 MPH)
|
|
Batting: RHB Josh McCormick
|
0-0: Ball 1-0: Swinging Strike 1-1: Ball 2-1: Foul Ball, location: 2F 2-2: Ball 3-2: Foul Ball, location: 2F 3-2: Foul Ball, location: 2F 3-2: Base on Balls
|
|
Batting: RHB Nick Holsinger
|
0-0: Ball Josh McCormick steals 2nd base 1-0: Ground out 5-3 (Groundball, 5S, EV 63.8 MPH) Josh McCormick to third
|
|
Batting: RHB Alex Campos
|
0-0: Ball 1-0: Called Strike 1-1: Ball 2-1: Ball 3-1: Foul Ball, location: 2F 3-2: Base on Balls
|
|
Batting: RHB Adonis Jenifer
|
0-0: Foul Ball, location: 2F 0-1: Ball 1-1: Ball 2-1: Swinging Strike 2-2: Fielders Choice at 2nd, 5-4 (Groundball, 5, EV 96.9 MPH)
|
| Bottom of the 4th over - 0 runs, 0 hits, 0 errors, 2 left on base; Greensboro 0 - Atlanta (MID) 2 |
| TOP OF THE 5TH |
|
Greensboro Grasshoppers batting - Pitching for Atlanta (MID) Braves : RHP Jimmy Loudner
|
|
Batting: RHB Alberto Bravo
|
0-0: Called Strike 0-1: Ball 1-1: Ball 2-1: Foul Ball, location: 2F 2-2: Strikes out swinging
|
|
Batting: LHB Ryan Thompson
|
0-0: Ball 1-0: Ball 2-0: Swinging Strike 2-1: Ball 3-1: Called Strike 3-2: Foul Ball, location: 2F 3-2: Foul Ball, location: 2F 3-2: Strikes out swinging
|
|
Batting: RHB Hikaru Nakata
|
0-0: Swinging Strike 0-1: Ball 1-1: SOLO HOME RUN (Flyball, 7LD, EV 93.8 MPH), Distance : 333 ft
|
|
Batting: RHB Dennis Coppolino
|
0-0: Ball 1-0: Swinging Strike 1-1: Ball 2-1: Fly out, F4 (Popup, 4M, EV 68.8 MPH)
|
| Top of the 5th over - 1 run, 1 hit, 0 errors, 0 left on base; Greensboro 1 - Atlanta (MID) 2 |
| BOTTOM OF THE 5TH |
|
Atlanta (MID) Braves batting - Pitching for Greensboro Grasshoppers : RHP Jesus Gomez
|
|
Batting: RHB Gabe Allen
|
0-0: Ball 1-0: Reached on error, E6 (Groundball, 6, EV 86.9 MPH)
|
|
Batting: RHB Chris Trites
|
0-0: Foul Ball, location: 2F 0-1: Called Strike 0-2: Ball 1-2: Ball 2-2: Foul Ball, location: 2F 2-2: SINGLE (Flyball, 6D, EV 87.5 MPH) Gabe Allen to second
|
|
Batting: RHB Costantino Dolfini
|
0-0: Ball 1-0: Ball 2-0: Ball 3-0: Base on Balls Gabe Allen to third Chris Trites to second
|
|
Batting: LHB Ricardo Sandoval
|
0-0: Ball 1-0: Ball 2-0: Ball 3-0: Called Strike 3-1: Base on Balls Gabe Allen scores Chris Trites to third Costantino Dolfini to second
|
|
Batting: LHB Tamaichi Sasada
|
0-0: Foul Ball, location: 2F 0-1: Swinging Strike 0-2: Fielders Choice at 2nd, 4-6 (Groundball, 34D, EV 81.2 MPH) Chris Trites scores Costantino Dolfini to third
|
|
Batting: RHB Josh McCormick
|
0-0: Ball 1-0: Fly out, F8 (Flyball, 8LM, EV 76.2 MPH)
|
|
Batting: RHB Nick Holsinger
|
0-0: Called Strike 0-1: Swinging Strike 0-2: Fielders Choice at 2nd, 5-4 (Groundball, 56, EV 82.5 MPH)
|
| Bottom of the 5th over - 2 runs, 1 hit, 1 error, 2 left on base; Greensboro 1 - Atlanta (MID) 4 |
| TOP OF THE 6TH |
|
Greensboro Grasshoppers batting - Pitching for Atlanta (MID) Braves : RHP Jimmy Loudner
|
|
Batting: RHB Nick Dunton
|
0-0: Foul Ball, location: 2F 0-1: Foul Ball, location: 2F 0-2: Ball 1-2: Ball 2-2: Foul Ball, location: 2F 2-2: Ball 3-2: Foul Ball, location: 2F 3-2: Foul Ball, location: 2F 3-2: Foul Ball, location: 2F 3-2: Base on Balls
|
|
Batting: RHB Tom Thompson
|
0-0: Ball 1-0: Grounds into double play, 6-4-3 (Groundball, 6MD, EV 80.6 MPH)
|
|
Batting: LHB Ryan Karg
|
0-0: Ball 1-0: Ball 2-0: Called Strike 2-1: Swinging Strike 2-2: Hit by Pitch
|
|
Batting: LHB Dong-u Chang
|
0-0: Swinging Strike 0-1: Called Strike Ryan Karg steals 2nd base 0-2: Ground out 5-3 (Groundball, 5, EV 89.4 MPH)
|
| Top of the 6th over - 0 runs, 0 hits, 0 errors, 1 left on base; Greensboro 1 - Atlanta (MID) 4 |
| BOTTOM OF THE 6TH |
|
Atlanta (MID) Braves batting - Pitching for Greensboro Grasshoppers : RHP Jesus Gomez
|
|
Batting: RHB Alex Campos
|
0-0: Ball 1-0: Ball 2-0: Ball 3-0: Base on Balls
|
|
Batting: RHB Adonis Jenifer
|
0-0: DOUBLE (Line Drive, 9LD, EV 110.6 MPH) Alex Campos to third
|
|
Batting: RHB Gabe Allen
|
0-0: Ball 1-0: Ball 2-0: SINGLE (Groundball, 56D, EV 100.0 MPH) Alex Campos scores Adonis Jenifer to third
|
|
Pitching: RHP Tim Sherrill
|
|
|
Batting: RHB Chris Trites
|
0-0: Foul Ball, location: 2F 0-1: Ball 1-1: Ball 2-1: Ball 3-1: Base on Balls Gabe Allen to second
|
|
Batting: RHB Costantino Dolfini
|
0-0: Ball 1-0: Foul Ball, location: 2F 1-1: Called Strike 1-2: Ball 2-2: Strikes out swinging
|
|
Batting: LHB Ricardo Sandoval
|
0-0: Ball 1-0: Swinging Strike 1-1: Ball 2-1: Swinging Strike 2-2: Strikes out swinging
|
|
Batting: LHB Tamaichi Sasada
|
0-0: Called Strike 0-1: Ball 1-1: Ball 2-1: Foul Ball, location: 2F 2-2: Ball 3-2: Strikes out swinging
|
| Bottom of the 6th over - 1 run, 2 hits, 0 errors, 3 left on base; Greensboro 1 - Atlanta (MID) 5 |
| TOP OF THE 7TH |
|
Greensboro Grasshoppers batting - Pitching for Atlanta (MID) Braves : RHP Jimmy Loudner
|
|
Batting: RHB Nate Crofts
|
0-0: Ball 1-0: Swinging Strike 1-1: Foul Ball, location: 2F 1-2: Ball 2-2: Fly out, F6 (Popup, P, EV 83.1 MPH)
|
|
Batting: RHB Alberto Bravo
|
0-0: Ball 1-0: Ball 2-0: Ball 3-0: Base on Balls
|
|
Batting: LHB Ryan Thompson
|
0-0: Ball 1-0: Fielders Choice at 2nd, 4-6 (Groundball, 34, EV 81.9 MPH)
|
|
Batting: RHB Hikaru Nakata
|
0-0: SINGLE (Line Drive, 4MD, EV 97.5 MPH) Ryan Thompson to second
|
|
Batting: RHB Dennis Coppolino
|
0-0: Ball 1-0: Ball 2-0: Called Strike 2-1: Called Strike 2-2: Hit by Pitch Ryan Thompson to third Hikaru Nakata to second
|
|
Batting: RHB Nick Dunton
|
0-0: Ball 1-0: SINGLE (Groundball, 6D, EV 98.8 MPH) Ryan Thompson scores Hikaru Nakata to third Dennis Coppolino to second Runner from 3rd tries for Home, SAFE, throw by CF to home
|
|
Pitching: LHP Darius Brown
|
|
|
Batting: RHB Tom Thompson
|
0-0: Foul Ball, location: 2F 0-1: Ball 1-1: Fielders Choice at 2nd, 6-4 (Groundball, 56, EV 90.6 MPH)
|
| Top of the 7th over - 2 runs, 2 hits, 0 errors, 2 left on base; Greensboro 3 - Atlanta (MID) 5 |
| BOTTOM OF THE 7TH |
|
Atlanta (MID) Braves batting - Pitching for Greensboro Grasshoppers : RHP Tim Sherrill
|
|
Pitching: RHP Aidan Mitchell
|
|
|
Batting: RHB Josh McCormick
|
0-0: Called Strike 0-1: Called Strike 0-2: Ball 1-2: Strikes out swinging
|
|
Batting: RHB Nick Holsinger
|
0-0: Ball 1-0: Ball 2-0: Foul Ball, location: 2F 2-1: Foul Ball, location: 2F 2-2: Strikes out looking
|
|
Batting: RHB Alex Campos
|
0-0: Called Strike 0-1: Ball 1-1: DOUBLE (Flyball, 89D, EV 104.4 MPH)
|
|
Batting: RHB Adonis Jenifer
|
0-0: Ball 1-0: Ball 2-0: Swinging Strike 2-1: Foul Ball, location: 2F 2-2: Ball 3-2: Foul Ball, location: 2F 3-2: Base on Balls
|
|
Batting: RHB Gabe Allen
|
0-0: Ball 1-0: Ground out 1-3 (Groundball, 25, EV 68.1 MPH)
|
| Bottom of the 7th over - 0 runs, 1 hit, 0 errors, 2 left on base; Greensboro 3 - Atlanta (MID) 5 |
| TOP OF THE 8TH |
|
Greensboro Grasshoppers batting - Pitching for Atlanta (MID) Braves : LHP Darius Brown
|
|
Batting: LHB Ryan Karg
|
0-0: Foul Ball, location: 2F 0-1: Called Strike 0-2: DOUBLE (Line Drive, 8RXD, EV 108.1 MPH)
|
|
Pinch Hitting: RHB Miguel Velasco
|
0-0: Ball 1-0: Swinging Strike 1-1: Ground out 4-3 (Groundball, 4, EV 92.5 MPH) Ryan Karg to third
|
|
Batting: RHB Nate Crofts
|
0-0: Ground out 6-3 (Groundball, 56, EV 92.5 MPH) Ryan Karg scores
|
|
Batting: RHB Alberto Bravo
|
0-0: Ball 1-0: Ground out 6-3 (Groundball, 6, EV 100.0 MPH)
|
| Top of the 8th over - 1 run, 1 hit, 0 errors, 0 left on base; Greensboro 4 - Atlanta (MID) 5 |
| BOTTOM OF THE 8TH |
|
Atlanta (MID) Braves batting - Pitching for Greensboro Grasshoppers : RHP Aidan Mitchell
|
|
Pitching: LHP Mike Wasson
|
|
|
Now at SS: J.D. Vander Klok
|
|
|
Batting: RHB Chris Trites
|
0-0: Ball 1-0: Ball 2-0: Foul Ball, location: 2F 2-1: Swinging Strike 2-2: SINGLE (Line Drive, 6MD, EV 98.8 MPH)
|
|
Batting: RHB Costantino Dolfini
|
0-0: Called Strike 0-1: Ball 1-1: Ball 2-1: Swinging Strike 2-2: Ball 3-2: Base on Balls Chris Trites to second
|
|
Batting: LHB Ricardo Sandoval
|
0-0: Called Strike 0-1: Foul Ball, location: 2F 0-2: Strikes out swinging
|
|
Batting: LHB Tamaichi Sasada
|
0-0: Ball Chris Trites steals 3rd base Costantino Dolfini to second 1-0: Fly out, F9 (Line Drive, 89M, EV 92.5 MPH)
|
|
Batting: RHB Josh McCormick
|
0-0: Fly out, F8 (Flyball, 8RD, EV 89.4 MPH)
|
| Bottom of the 8th over - 0 runs, 1 hit, 0 errors, 2 left on base; Greensboro 4 - Atlanta (MID) 5 |
| TOP OF THE 9TH |
|
Greensboro Grasshoppers batting - Pitching for Atlanta (MID) Braves : LHP Darius Brown
|
|
Pitching: LHP Tyler Portier
|
|
|
Batting: LHB Ryan Thompson
|
0-0: Foul Ball, location: 2F 0-1: Swinging Strike 0-2: Ball 1-2: Ball 2-2: Strikes out swinging
|
|
Batting: RHB Hikaru Nakata
|
0-0: Called Strike 0-1: Foul Ball, location: 2F 0-2: Ball 1-2: Foul Ball, location: 2F 1-2: Foul Ball, location: 2F 1-2: Strikes out swinging
|
|
Batting: RHB Dennis Coppolino
|
0-0: Ground out 1-3 (Groundball, 15S, EV 70.6 MPH)
|
| Top of the 9th over - 0 runs, 0 hits, 0 errors, 0 left on base; Greensboro 4 - Atlanta (MID) 5 |
|